 Dungeon Crawl Stone Soup version 0.30.0-17-ge0270778cf (webtiles) character file.

Game seed: 12931542695167803235

39 Cheops the Digger (level 3, -2/27 HPs)
             Began as an Armataur Earth Elementalist on May 22, 2023.
             Slain by a gnoll
             ... wielding a +0 club
              (3 damage)
             ... on level 2 of the Dungeon.
             The game lasted 00:05:34 (1840 turns).

Cheops the Digger (Armataur Earth Elementalist)     Turns: 1840, Time: 00:05:35

Health: -2/27      AC:  6    Str: 13    XL:     3   Next: 28%
Magic:  4/5        EV:  9    Int: 17    God:
Gold:   138        SH:  0    Dex: 10    Spells: 2/5 levels left

rFire   . . .        a - +0 dagger (speed)
rCold   + . .        (no shield)
rNeg    . . .        q - +2 robe {rC+}
rPois   .            (no helmet)
rElec   .            (no cloak)
rCorr   .            (no gloves)
SInv    .            (no barding)
Will    .....        (no amulet)
Stlth   ++           (no ring)
HPRegen 0.24/turn    (no ring)
MPRegen 0.09/turn

%: roll
@: no status effects
A: large, rugged brown scales 3, deformed body, armoured tail, roll, long
tongue, awkward tongue
a: no special abilities


You were on level 2 of the Dungeon.
You visited 1 branch of the dungeon, and saw 3 of its levels.

You collected 138 gold pieces.

Inventory:

Hand Weapons
 a - a +0 dagger of speed (weapon)
 b - the +5 rapier of Fury {heavy, rC+}
   (You found it on level 2 of the Dungeon)

   rC:        It protects you from cold.
 f - a +0 dagger
Armour
 c - a +0 robe
 q - a +2 robe of cold resistance (worn)
Jewellery
 j - a ring of fire
Scrolls
 e - 3 scrolls of identify {unknown}
 g - a scroll of blinking {unknown}
 i - a scroll of teleportation {unknown}
 k - a scroll of amnesia {unknown}
 m - a scroll of enchant weapon {unknown}
 p - a scroll of poison {unknown}
Potions
 d - 2 potions of flight {unknown}
 h - 2 potions of curing {unknown}
 l - a potion of heal wounds {unknown}
 n - a potion of magic
 o - a potion of attraction {unknown}


   Skills:
 + Level 2.0 Short Blades
 - Level 1.3 Dodging
 - Level 2.1 Stealth
 - Level 1.7 Spellcasting
 - Level 2.0 Transmutations
 - Level 2.6 Earth Magic


You had 2 spell levels left.
You knew the following spells:

 Your Spells              Type           Power      Damage    Failure   Level
a - Sandblast             Erth           20%        2d7       7%          1
p - Passwall              Tmut/Erth      7%         N/A       12%         2

Your spell library contained the following spells:

 Spells                   Type           Power      Damage    Failure   Level
 Apportation              Tloc           2%         N/A       21%         1
 Necrotise                Necr           4%         1d4       21%         1
 Summon Small Mammal      Summ           4%         N/A       21%         1
 Lesser Beckoning         Tloc           2%         N/A       30%         2
 Stone Arrow              Conj/Erth      12%        3d7       34%         3
 Gell's Gravitas          Tloc           1%         N/A       52%         3
 Teleport Other           Tloc           1%         N/A       52%         3
 Petrify                  Tmut/Erth      9%         N/A       58%         4


Dungeon Overview and Level Annotations

Branches:
Dungeon (3/15)

Altars:
Dithmenos


Innate Abilities, Weirdness & Mutations

You are completely covered in rugged brown scales. (AC +3, +7% HP)
Armour fits poorly on your strangely shaped body.
You have a long armoured tail.
You roll when moving toward enemies. (Rampage)
Your long tongue fully drains potion bottles. (2x potion effects)
Your tongue gives you trouble enunciating. (1.5x scroll delay)


Message History

The gnoll burns you.
* * * LOW HITPOINT WARNING * * *
You see here a ball python corpse.
There is a stone staircase leading up here.
The gnoll hits you from afar with a +0 spear.
* * * LOW HITPOINT WARNING * * *
The gnoll barely misses you.
The quokka bites you but does no damage.
You climb upwards.
There is a stone staircase leading down here.
Casting: Sandblast (safe; 7% risk of failure)
Confirm with . or Enter, or press ? or * to list all spells.
Aiming: Sandblast (safe; 7% risk of failure)
Press: ? - help, Shift-Dir - straight line, f - quokka
Aim: a quokka (75% to hit)
The blast of sand misses the quokka.
The gnoll hits you with a +0 club.
* * * LOW HITPOINT WARNING * * *
The quokka bites you but does no damage.
The gnoll hits you but does no damage. The quokka barely misses you.
You closely miss the quokka.
You tail-slap the quokka, but do no damage.
The gnoll hits you with a +0 club.
* * * LOW HITPOINT WARNING * * *
The quokka barely misses you.
You hit the quokka but do no damage.
Your tail-slap misses the quokka.
You closely miss the quokka. You tail-slap the quokka.
The quokka is lightly wounded.
The quokka barely misses you. The gnoll hits you with a +0 club.
* * * LOW HITPOINT WARNING * * *
You barely miss the quokka.
The quokka is lightly wounded.
The quokka bites you but does no damage.
You closely miss the quokka. Your punch misses the quokka.
The quokka is lightly wounded.
The gnoll hits you with a +0 club.
* * * LOW HITPOINT WARNING * * *
You barely miss the quokka.
The quokka is lightly wounded.
The quokka misses you. The gnoll hits you with a +0 club.
You die...

#.##.###.##..###.###..###.#.#
#.##.# #.##.................#
##.##.###.###.#.....######.###
.#........# #.##...## #.....#
.##.#.###.# #.###.## #.###.####
....#.# #.# #.# #.# #.# #....#
...##.###.###.# #.# #.###.##.#
_..##.........###r## #.....##.#
...######.######@..## ########.#
...# ###.# ##g....## ### #.# ####
##.#.# ##.......## ##.###.#
######....###.........####...##.#
............'.........'.........#
######....###.........####...####
##.#(# ##.......## ##.##
###.#####.....## #.#
#........#...## #.#


You could see a gnoll and a quokka.

Vanquished Creatures
  A dart slug (D:1)
  3 endoplasms
  A giant cockroach (D:1)
  3 goblins
  4 hobgoblins
  4 jackals (D:2)
  4 kobolds
  2 quokkas
  5 ball pythons
  5 frilled lizards
  2 rats
34 creatures vanquished.

Notes
Turn   | Place    | Note
-------+----------+-------------------------------------------
     0 | D:1      | Cheops the Armataur Earth Elementalist began the quest for
                  | the Orb.
     0 | D:1      | Reached XP level 1. HP: 14/14 MP: 3/3
    26 | D:1      | Reached skill level 1 in Transmutations
   287 | D:1      | Reached XP level 2. HP: 21/21 MP: 4/4
   452 | D:1      | Reached skill level 1 in Short Blades
  1027 | D:2      | Found a shadowy altar of Dithmenos.
  1234 | D:2      | Identified the +5 rapier of Fury {heavy, rC+}
  1644 | D:2      | Reached XP level 3. HP: 26/27 MP: 5/5
  1802 | D:2      | Learned a level 2 spell: Passwall
  1839 | D:2      | HP: 1/27 [gnoll/+0 club (3)]
  1840 | D:2      | Slain by a gnoll

Illustrated notes

Levels and vault maps discovered:
D:1:      dpeg_arrival_oval, layout_loops_ring, minmay_pentomino_u2
D:2:      layout_loops_corners, basic_altar
D:3:      layout_rooms, ebering_ecumenical_altar_rust

Skill      XL: |  1  2  3 |
---------------+----------+-----
Transmutations | 1 2 |  2.0
Short Blades   | 1 2 |  2.0
Dodging        | |  1.3
Stealth        | |  2.1
Spellcasting   | |  1.7
Earth Magic    | |  2.6

Action                     || total
---------------------------++-------
  Melee: Dagger            ||    70
         Tailslap          ||    14
         Rapier            ||     9
   Cast: Sandblast         ||    13
   Stab: Sleeping          ||     3
 Armour: Robe              ||    33
  Dodge: Dodged            ||    44
